 Dungeon Crawl Stone Soup version 0.21-a0-150-gc243083 (webtiles) character file.

826 nikopol the Magician (level 7, -10/37 HPs)
             Began as a Deep Elf Fire Elementalist on July 27, 2017.
             Was a Follower of Sif Muna.
             Killed by miscasting Fireball (15 damage)
             ... on level 5 of the Dungeon.
             The game lasted 00:15:12 (4720 turns).

nikopol the Magician (Deep Elf Fire Elementalist)   Turns: 4720, Time: 00:15:12

Health: -10/37     AC:  5    Str:  5    XL:     7   Next: 64%
Magic:  13/28      EV: 13    Int: 22    God:    Sif Muna [*.....]
Gold:   256        SH:  0    Dex: 15    Spells: 9/20 levels left

rFire    . . .     SeeInvis .   h - +0 dagger (curse)
rCold    . . .     Gourm    .   (no shield)
rNeg     . . .     Faith    .   a - +0 robe
rPois    .         Spirit   .   w - +2 hat
rElec    .         Reflect  .   j - +0 cloak
rCorr    .         Harm     .   (no gloves)
MR       .....                  (no boots)
Stlth    ++........             (no amulet)
HPRegen  0.12/turn              t - ring of magical power
MPRegen  0.21/turn              (no ring)

@: very slightly contaminated
A: no striking features
a: Divine Energy, Renounce Religion


You were on level 5 of the Dungeon.
You worshipped Sif Muna.
Sif Muna was aware of your devotion.
You were not hungry.

You visited 1 branch of the dungeon, and saw 5 of its levels.

You collected 256 gold pieces.

Inventory:

Hand Weapons
 h - a cursed +0 dagger (weapon)
Armour
 a - a +0 robe (worn)
 j - a +0 cloak (worn)
 w - a +2 hat (worn)
Jewellery
 t - a ring of magical power (left hand)
Wands
 p - a wand of random effects (32/48)
 u - a wand of lightning (2/15)
Scrolls
 k - a scroll of magic mapping
 l - 2 scrolls of enchant armour {unknown}
 m - 3 scrolls of remove curse {unknown}
 q - a scroll of teleportation {unknown}
 r - 2 scrolls of identify
 s - a scroll of fear {unknown}
 v - 3 scrolls of fog {unknown}
Potions
 e - a potion of agility {unknown}
 f - a potion of haste {unknown}
 g - a potion of heal wounds {unknown}
 i - 2 potions of curing {unknown}
 n - 4 potions of flight
Books
 b - a book of Flames

   Spells                             Type                      Level
   a - Flame Tongue                   Conjuration/Fire             1
   b - Throw Flame                    Conjuration/Fire             2
   c - Conjure Flame                  Conjuration/Fire             3
   d - Inner Flame                    Hexes/Fire                   3
   e - Sticky Flame                   Conjuration/Fire             4
   f - Fireball                       Conjuration/Fire             5
Comestibles
 c - 2 bread rations
 d - 3 fruits
 o - a royal jelly


   Skills:
 + Level 0.4 Fighting
 + Level 3.3 Dodging
 + Level 3.2 Stealth
 + Level 7.0 Spellcasting
 + Level 4.7 Conjurations
 + Level 6.0 Fire Magic
 + Level 1.0 Evocations


You had 9 spell levels left.
You knew the following spells:

 Your Spells              Type           Power        Failure   Level  Hunger
a - Flame Tongue          Conj/Fire      ####.        1%          1    None
b - Throw Flame           Conj/Fire      ####..       1%          2    None
c - Conjure Flame         Conj/Fire      ####....     2%          3    None
d - Fireball              Conj/Fire      ####......   24%         5    #####..


Dungeon Overview and Level Annotations

Branches:
Dungeon (5/15)
 Temple: D:4-7

Altars:
Elyvilon
Nemelex Xobeh
Qazlal
Sif Muna
Wu Jian
Yredelemnul


Message History

Confirm with . or Enter, or press ? or * to list all spells.
Aiming: Flame Tongue
Press: ? - help, Shift-Dir - straight line, f/p - centaur
Aim: a centaur (almost dead)
The flame tongue misses the centaur.
The centaur hits you.
* * * LOW HITPOINT WARNING * * *
Casting: Flame Tongue
Confirm with . or Enter, or press ? or * to list all spells.
Aiming: Throw Flame
Press: ? - help, Shift-Dir - straight line, f/p - centaur
Aim: a centaur (almost dead)
Okay, then.
Casting: Throw Flame
Confirm with . or Enter, or press ? or * to list all spells.
Aiming: Fireball
Press: ? - help, Shift-Dir - straight line, p - centaur You miscast Fireball.
You are very lightly contaminated with residual magic.
You are caught in a violent explosion!
The explosion engulfs you!
You die...

.## #.# ###.## ##.#.....## ..#
#.###....## ###.)....##
..###.#>......## #........###
...#...........# ##..........##
...#.##.######### #.............
...#.####.....(.## #............<
...#.# #.⌠#####⌠.###.............
...#.###.## ##.##..............
.......#.# #@#...[...........
.........#..>..c.#...............
.......#.#.⌠.⌠.#.#...............
.......#.##...##.###.............
...#####.⌠#### ⌠.# #.............
...# ##.. .## #............. ...#
### # ##............ ...#
##........... ..## ##...........


You could see a centaur.

Vanquished Creatures
  2 phantoms
  2 ice beasts (D:5)
  An ogre (D:5)
  A crimson imp (D:4)
  An orc wizard (D:3)
  An iguana (D:5)
  4 worker ants
  A hound zombie (D:5)
  A hound skeleton (D:4)
  5 adders
  An ooze (D:4)
  An adder zombie (D:5)
  5 worms
  2 dart slugs
  9 leopard geckos
  10 orcs (D:3)
  4 giant cockroaches
  7 goblins
  5 hobgoblins
  6 kobolds
  3 quokkas
  A ball python (D:3)
  5 bats
  3 frilled lizards
  5 rats
  A spectral orc (D:2)
87 creatures vanquished.

Vanquished Creatures (others)
  A hobgoblin (D:3)
  A quokka (D:3)
2 creatures vanquished.

Grand Total: 89 creatures vanquished

Notes
Turn   | Place    | Note
-------+----------+-------------------------------------------
     0 | D:1      | nikopol the Deep Elf Fire Elementalist began the quest for the Orb.
     0 | D:1      | Reached XP level 1. HP: 10/10 MP: 6/6
   335 | D:1      | Reached XP level 2. HP: 9/15 MP: 0/8
   339 | D:1      | Learned a level 2 spell: Throw Flame
   812 | D:2      | Reached XP level 3. HP: 9/19 MP: 1/10
  1183 | D:2      | Found a sparkling altar of Nemelex Xobeh.
  1628 | D:2      | Found a basalt altar of Yredelemnul.
  1679 | D:2      | Learned a level 3 spell: Conjure Flame
  1729 | D:3      | Reached skill level 4 in Spellcasting
  1783 | D:3      | Reached XP level 4. HP: 24/24 MP: 7/12
  1809 | D:3      | Found a white marble altar of Elyvilon.
  2270 | D:3      | Reached XP level 5. HP: 24/28 MP: 8/14
  2280 | D:3      | Learned a level 5 spell: Fireball
  2437 | D:3      | Found a stormy altar of Qazlal.
  2469 | D:4      | Noticed a phantom
  2827 | D:3      | Reached skill level 5 in Spellcasting
  2893 | D:3      | Noticed an ogre
  3236 | D:4      | Killed a phantom
  3236 | D:4      | Reached XP level 6. HP: 22/32 MP: 16/16
  3446 | D:4      | Reached skill level 5 in Fire Magic
  3469 | D:4      | Found a deep blue altar of Sif Muna.
  3475 | D:4      | Became a worshipper of Sif Muna the Loreminder
  3869 | D:4      | Reached skill level 6 in Spellcasting
  3971 | D:5      | Entered Level 5 of the Dungeon
  4054 | D:5      | Noticed an ice beast
  4065 | D:5      | Killed an ice beast
  4131 | D:5      | Reached XP level 7. HP: 37/37 MP: 18/18
  4419 | D:5      | Found an ornate altar of the Wu Jian Council.
  4464 | D:5      | Reached skill level 1 in Evocations
  4603 | D:5      | Reached skill level 7 in Spellcasting
  4661 | D:5      | Reached * piety under Sif Muna
  4720 | D:5      | Killed by miscasting Fireball

Vault maps used:
D:1:      dpeg_arrival_boxorama, corexii_corridor_pit
D:2:      nemelex_xobeh_ov_fountains_minmay,
          yredelemnul_forgotten_temple_becter, hex_large, serial_bayou_lagoon_a
D:3:      lemuel_round_altar, elyvilon_altar_4, first_bread, minmay_surrounded
D:4:      led_sif_pool, nicolae_ossuary_entry_ruins
D:5:      kennysheep_little_box, kennysheep_decorative_pillar,
          grunt_ministairs_11, minmay_misc_feat_five

Skill      XL: |  1  2  3  4  5  6  7 |
---------------+----------------------+-----
Fire Magic     | 4 5 6 |  6.0
Spellcasting   | 4 5 6 7 |  7.0
Conjurations   | 2 3 4 |  4.7
Dodging        | 3 |  3.3
Stealth        | 3 |  3.2
Evocations     | 1 |  1.0
Fighting       | |  0.4

Action                   |  1- 3 |  4- 6 |  7- 9 || total
-------------------------+-------+-------+-------++-------
 Cast: Flame Tongue      |    77 |   100 |    34 ||   211
       Conjure Flame     |       |     1 |       ||     1
       Throw Flame       |       |     4 |     7 ||    11
       Fireball          |       |       |     2 ||     2
Evoke: Wand              |       |     2 |       ||     2
  Use: Scroll            |       |     6 |       ||     6
  Eat: Chunk             |     2 |     7 |     2 ||    11
       Fruit             |       |     1 |       ||     1
Armor: Robe              |       |     5 |     5 ||    10
Dodge: Dodged            |    13 |    17 |     8 ||    38
